[Event "Team 45 45 League T84"]
[Site "Internet Chess Club"]
[Date "2020.04.26"]
[Round "4"]
[White "Packerfan"]
[Black "MathBandit"]
[Result "1-0"]
[WhiteElo "1784"]
[BlackElo "1685"]
[Opening "French defense, Steiner variation"]
[ECO "A13"]
[Time "15:00:40"]
[TimeControl "2700+45"]

1. c4 e6 2. e4 d5 3. cxd5 exd5 4. e5 c5 5. Nf3 Nc6 6. d4 Bg4 7. Bb5 Qa5+ 8. Nc3
cxd4 9. Qxd4 Bxf3 10. Bxc6+ bxc6 11. gxf3 Bc5 12. Qa4 Qxa4 13. Nxa4 Bd4 14. f4
Nh6 15. Be3 Bxe3 16. fxe3 Rb8 17. b3 O-O 18. Rc1 Rbc8 19. Nc5 f6 20. Nd7 Rf7 21.
e6 Re7 22. Nc5 Nf5 23. Ke2 g6 24. Rhg1 Ng7 25. Rcf1 f5 26. Nd7 Nxe6 27. Ne5 Nc5
28. Rc1 Ne4 29. Nxc6 Rec7 30. Ne7+ {Black resigns} 1-0

[Event "Team 45 45 League T84"]
[Site "Internet Chess Club"]
[Date "2020.04.25"]
[Round "4"]
[White "JeffH"]
[Black "Electryon"]
[Result "1-0"]
[WhiteElo "1700"]
[BlackElo "1459"]
[Opening "Scandinavian (center counter) defense"]
[ECO "B01"]
[Time "17:03:38"]
[TimeControl "2700+45"]

1. e4 d5 2. exd5 Qxd5 3. d4 c6 4. Nf3 Bg4 5. Be2 e6 6. O-O Nf6 7. h3 Bh5 8. c3
Be7 9. Re1 O-O 10. Bf4 Nbd7 11. Nbd2 c5 12. Nb3 cxd4 13. Nbxd4 Rac8 14. g4 Bg6
15. Bf1 Bd6 16. c4 Qc5 17. Nb3 Qc6 18. Bxd6 Rfd8 19. Bg3 Nb6 20. Qe2 Bd3 21.
Nfd4 Bxe2 22. Nxc6 Rxc6 23. Bxe2 Nxc4 24. Bxc4 Rxc4 25. Rac1 Rdc8 26. Rxc4 Rxc4
27. Rc1 Rxc1+ 28. Nxc1 Nd5 29. Be5 f6 30. Bc3 Nf4 31. Kh2 Kf7 32. Kg3 e5 33. Bd2
Nd5 34. Nd3 b6 35. Nb4 Nxb4 36. Bxb4 Ke6 37. Kf3 a5 38. Bc3 a4 39. Ke4 g6 40.
Ke3 Kd5 41. f3 h5 42. f4 hxg4 43. hxg4 exf4+ 44. Kxf4 Ke6 45. Ke3 f5 46. gxf5+
Kxf5 47. Kd4 Ke6 48. Kc4 Kd6 49. Kb5 Kc7 50. Bd4 g5 51. Bxb6+ Kb7 52. Bf2 g4 53.
Kxa4 Ka6 54. Kb4 Kb7 55. Kc5 Kc7 56. b4 Kb7 57. b5 Kc7 58. Bg3+ Kb7 59. a3 Ka7
60. Kc6 Ka8 61. Kc7 Ka7 62. b6+ Ka8 63. b7+ {Black resigns} 1-0

[Event "Team 45 45 League T84"]
[Site "Internet Chess Club"]
[Date "2020.04.24"]
[Round "4"]
[White "clarinetref"]
[Black "Chess4Him"]
[Result "0-1"]
[WhiteElo "1431"]
[BlackElo "1460"]
[Opening "Benko's opening"]
[ECO "A00"]
[Time "20:08:00"]
[TimeControl "2700+45"]

1. g3 d5 2. c4 c6 3. b3 Nf6 4. Bg2 Bf5 5. d3 e6 6. cxd5 exd5 7. Nf3 Nbd7 8. O-O
h6 9. Bb2 Be7 10. Nc3 O-O 11. Re1 Bh7 12. e4 dxe4 13. dxe4 Nc5 14. Nd4 Qc7 15.
Qe2 Rad8 16. Rad1 Nfd7 17. e5 Ne6 18. Bh3 Ng5 19. Bxd7 Rxd7 20. e6 Rd6 21. exf7+
Rxf7 22. h4 Rxd4 23. Rxd4 Nf3+ 24. Kf1 Nxd4 25. Qe3 Nc2 26. Qe5 Qb6 27. Na4
Qxf2# {White checkmated} 0-1

[Event "Team 45 45 League T84"]
[Site "Internet Chess Club"]
[Date "2020.04.22"]
[Round "4"]
[White "pagliaci"]
[Black "sdcohle"]
[Result "0-1"]
[WhiteElo "1244"]
[BlackElo "1348"]
[Opening "French: Rubinstein variation"]
[ECO "C03"]
[Time "19:00:27"]
[TimeControl "2700+45"]

1. e4 e6 2. d4 d5 3. Nd2 dxe4 4. Nxe4 Nd7 5. Nf3 Be7 6. Bd3 Ngf6 7. Ng3 O-O 8.
Bf4 b6 9. Qd2 Bb7 10. h4 Re8 11. Qe3 Bd6 12. Bg5 Ng4 13. Qd2 f6 14. Bf4 e5 15.
dxe5 fxe5 16. Bg5 Qc8 17. h5 e4 18. O-O-O exd3 19. Rh4 Nde5 20. Nxe5 Nxe5 21.
Bh6 Re7 22. Nf5 Qxf5 {White resigns} 0-1

[Event "Team 45 45 League T84"]
[Site "Internet Chess Club"]
[Date "2020.04.24"]
[Round "4"]
[White "Demachaeron"]
[Black "Portola"]
[Result "1/2-1/2"]
[WhiteElo "1741"]
[BlackElo "1682"]
[Opening "French defense"]
[ECO "C00"]
[Time "19:03:10"]
[TimeControl "2700+45"]

1. e4 e6 2. Nf3 d5 3. exd5 exd5 4. d4 Nf6 5. Be2 Be7 6. O-O O-O 7. c3 c6 8. Re1
h6 9. Nbd2 Bf5 10. Nf1 Re8 11. Ng3 Bh7 12. Bd3 Nbd7 13. Bxh7+ Nxh7 14. Qd3 Qc7
15. Bd2 Nhf6 16. Re2 Nf8 17. Rae1 Ng6 18. Qf5 Qc8 19. h3 Qxf5 20. Nxf5 Bf8 21.
Ne5 Nxe5 22. dxe5 Ne4 23. Bf4 Re6 24. Rd1 f6 25. Nd4 Ree8 26. exf6 Nxf6 27. Rde1
Kf7 28. f3 Rxe2 29. Rxe2 Re8 30. Rxe8 Nxe8 31. g4 Bd6 32. Be3 a6 33. Kf2 Nc7 34.
a4 Ne6 35. Nb3 Bc7 36. Nc1 Nf4 37. Bxf4 Bxf4 38. Nd3 Bd6 39. Ke3 g5 40. Kd4 Bc7
41. b4 Ke7 42. a5 Bd6 43. Ne5 Ke6 44. Nd3 Kd7 45. Nc5+ Kc7 46. Ne6+ Kd7 47. Ng7
Bf8 48. Nf5 Ke6 49. h4 Kf6 50. h5 Ke6 51. Ng3 Bd6 52. Nf5 Bf8 53. Ne3 Bd6 54.
Nf5 {Game drawn by mutual agreement} 1/2-1/2

[Event "Team 45 45 League T84"]
[Site "Internet Chess Club"]
[Date "2020.04.24"]
[Round "4"]
[White "Mitochondria"]
[Black "ascoli"]
[Result "1-0"]
[WhiteElo "1597"]
[BlackElo "1563"]
[Opening "Nimzo-Indian: classical, 4...c5"]
[ECO "E38"]
[Time "15:01:52"]
[TimeControl "2700+45"]

1. d4 Nf6 2. c4 e6 3. Nc3 Bb4 4. Qc2 c5 5. Nf3 Nc6 6. e3 O-O 7. Bd3 d6 8. O-O
Bxc3 9. Qxc3 Re8 10. Rd1 Qe7 11. h3 e5 12. dxe5 dxe5 13. Be2 Ne4 14. Qc2 Bf5 15.
Qa4 Qf6 16. Bd2 Bg6 17. Be1 Bh5 18. Rd7 Re7 19. Rad1 Rae8 20. Qb5 Rxd7 21. Rxd7
Nd6 22. Qxc5 Re6 23. Bc3 Ne4 24. Qa3 Nxc3 25. Qxc3 Re7 26. Rxe7 Qxe7 27. g4 e4
28. Nd4 Bg6 29. Nxc6 bxc6 30. Qd4 f5 31. Bd1 fxg4 32. Bxg4 Qg5 33. Kh2 h5 34.
Be6+ Kh7 35. Bd7 Qh4 36. Qd2 Qe7 37. Qd4 Qh4 38. Qd2 Qf6 39. Bc8 Bf7 40. b3 g5
41. Kg2 g4 42. Kh2 Qf3 43. hxg4 hxg4 44. Qe1 Bh5 45. Qg1 Qf6 46. Qg3 Qf8 47.
Qc7+ Kh8 48. Qe5+ Kg8 49. Qg5+ Qg7 50. Qxh5 Qc7+ 51. Kg2 Qxc8 52. Qg6+ Kf8 53.
Qxe4 Qd7 54. Qf4+ Kg7 55. Qd4+ Qxd4 56. exd4 Kf6 57. Kg3 Kf5 58. f3 gxf3 59.
Kxf3 a5 60. a4 Kf6 61. Ke4 Ke6 62. d5+ cxd5+ 63. cxd5+ Kd6 64. Kd4 Kc7 65. Kc5
{Black resigns} 1-0

[Event "Team 45 45 League T84"]
[Site "Internet Chess Club"]
[Date "2020.04.23"]
[Round "4"]
[White "KidRattler"]
[Black "sburreus09"]
[Result "1-0"]
[WhiteElo "1706"]
[BlackElo "1544"]
[Opening "Queen's pawn game"]
[ECO "D04"]
[Time "18:45:31"]
[TimeControl "2700+45"]

1. d4 d5 2. Nf3 Nf6 3. e3 c5 4. dxc5 e6 5. c4 Bxc5 6. Nc3 Nc6 7. cxd5 exd5 8.
Bb5 O-O 9. O-O Bg4 10. h3 Bh5 11. Be2 a6 12. Nd4 Bg6 13. Nxc6 bxc6 14. Bd3 Qe7
15. Re1 Bb4 16. f3 Rfe8 17. Bxg6 hxg6 18. Bd2 Bd6 19. f4 Nh5 20. Rf1 Bc5 21. Rf3
Qf6 22. Kh2 Qd6 23. g3 Rad8 24. Qc2 d4 25. Ne4 Qd5 26. Qxc5 Qxe4 27. Raf1 Qd3
28. R1f2 dxe3 29. Rxe3 Rxe3 30. Qxe3 Qc4 31. b3 Qd5 32. Qe5 Qd3 33. Qe3 Qd5 34.
Qe5 Qd7 35. Re2 Qd3 36. Qe3 Qd7 37. Ba5 Rb8 38. Rd2 Qf5 39. Bc7 Qc8 40. Bxb8
Qxb8 41. Qd3 Kh7 42. Qxa6 Nxf4 43. Qxc6 Qb4 44. Qd6 Qxd6 45. Rxd6 Ne6 46. Rxe6
fxe6 47. a4 e5 48. Kg2 e4 49. Kf2 Kg8 50. a5 Kf7 51. a6 {Black resigns} 1-0

[Event "Team 45 45 League T84"]
[Site "Internet Chess Club"]
[Date "2020.04.26"]
[Round "4"]
[White "g8wrb"]
[Black "Visin"]
[Result "0-1"]
[WhiteElo "1266"]
[BlackElo "1199"]
[Opening "Nimzovich-Larsen attack: modern variation"]
[ECO "A01"]
[Time "10:05:27"]
[TimeControl "2700+45"]

1. b3 e5 2. Bb2 f6 3. e3 d5 4. Nf3 Nc6 5. Bb5 Bd7 6. O-O Bd6 7. Nc3 a6 8. Bxc6
Bxc6 9. d3 Ne7 10. Qe2 Qd7 11. Rad1 O-O 12. e4 Rad8 13. exd5 Nxd5 14. Nxd5 Bxd5
15. c4 Bc6 16. a3 Qg4 17. b4 Bxf3 18. Qxf3 Qxf3 19. gxf3 Be7 20. Kh1 Rd7 21. Rg1
Rfd8 22. a4 Rxd3 23. Rxd3 Rxd3 24. Rg3 Bxb4 25. f4 Rxg3 26. fxg3 exf4 27. gxf4
Kf7 28. Kg2 Kg6 29. Kf3 Kf5 30. Bc1 c6 31. Be3 b5 32. cxb5 cxb5 33. axb5 axb5
34. h3 Ba3 35. Ke2 b4 36. Bc5 Kxf4 37. Kd3 Bb2 38. Bxb4 Be5 39. Bf8 g6 40. Bc5
Kg3 41. Ke4 Kxh3 42. Be3 Kg4 43. Bh6 Bb2 44. Be3 f5+ 45. Kd3 h5 46. Ke2 Be5 47.
Kf1 f4 48. Bf2 Kf3 49. Bh4 Kg4 50. Bf2 g5 51. Kg2 h4 52. Bc5 f3+ 53. Kf1 Kh3 54.
Be7 g4 55. Kf2 Bd4+ 56. Kf1 g3 {White resigns} 0-1

[Event "Team 45 45 League T84"]
[Site "Internet Chess Club"]
[Date "2020.04.25"]
[Round "4"]
[White "Gojira"]
[Black "ascoli"]
[Result "1-0"]
[WhiteElo "1602"]
[BlackElo "1548"]
[Opening "Queen's pawn game"]
[ECO "D00"]
[Time "07:00:15"]
[TimeControl "2700+45"]

1. d4 Nf6 2. Nc3 d5 3. Bf4 Bf5 4. f3 e6 5. g4 Bg6 6. h4 h5 7. g5 Nfd7 8. e3 c6
9. Bd3 Bxd3 10. Qxd3 Qb6 11. Nge2 c5 12. Qd1 Nc6 13. Na4 Qa5+ 14. c3 b5 15. Nxc5
Nxc5 16. dxc5 e5 17. Qxd5 Qc7 18. Bxe5 Nxe5 19. Qxa8+ Kd7 20. Rd1+ Ke7 21. Qd5
Ke8 22. b4 g6 23. Qe4 f5 24. gxf6 Kf7 25. Nf4 Bh6 26. Rg1 Re8 27. Kf1 Bxf4 28.
Qxf4 Re6 29. Rg5 {Black resigns} 1-0

[Event "Team 45 45 League T84"]
[Site "Internet Chess Club"]
[Date "2020.04.24"]
[Round "4"]
[White "Visin"]
[Black "rkjulianjr"]
[Result "0-1"]
[WhiteElo "1162"]
[BlackElo "1320"]
[Opening "Scotch game"]
[ECO "C45"]
[Time "09:08:54"]
[TimeControl "2700+45"]

1. e4 e5 2. Nf3 Nc6 3. d4 exd4 4. Nxd4 Bc5 5. Be3 d6 6. g3 Nf6 7. Bg2 Bg4 8. Qd2
Qd7 9. O-O Bh3 10. Nc3 Bxg2 11. Kxg2 O-O-O 12. Nxc6 Qxc6 13. f3 Bxe3 14. Qxe3
Kb8 15. Rad1 h5 16. Rd2 h4 17. e5 Ng4 18. Qf4 Nxe5 19. gxh4 Rh6 20. Kf2 Qb6+ 21.
Qe3 Qxe3+ 22. Kxe3 Nc4+ {White resigns} 0-1

[Event "Team 45 45 League T84"]
[Site "Internet Chess Club"]
[Date "2020.04.24"]
[Round "4"]
[White "CMAlge"]
[Black "seattleblues"]
[Result "0-1"]
[WhiteElo "1219"]
[BlackElo "1252"]
[Opening "Caro-Kann: classical variation"]
[ECO "B18"]
[Time "19:06:08"]
[TimeControl "2700+45"]

1. e4 c6 2. d4 d5 3. Nd2 dxe4 4. Nxe4 Bf5 5. Ng3 Bg6 6. Bc4 e6 7. N1e2 Bd6 8.
Nf4 Nf6 9. h4 Nbd7 10. Qe2 Bxf4 11. Bxf4 h6 12. h5 Bh7 13. O-O-O Nd5 14. Qg4 Qf6
15. Ne2 Bf5 16. Qg3 Nxf4 17. Qxf4 Qg5 18. Qxg5 hxg5 19. Ng3 Bh7 20. Bd3 O-O-O
21. Bxh7 Rxh7 22. Ne4 f6 23. g4 Kc7 24. f3 e5 25. c4 exd4 26. Rxd4 Ne5 27. Rxd8
Kxd8 28. Rd1+ Kc7 29. Nd2 Rh8 30. b3 Rd8 31. Ne4 Rxd1+ 32. Kxd1 Nxf3 33. h6 gxh6
34. Nxf6 Ne5 35. Ke2 Kd6 36. Ne4+ Kc7 37. Nf2 b6 38. Ke3 Kd6 39. a3 a5 40. Ke4
Ke6 41. a4 c5 42. Ke3 Nc6 43. Ke4 Nd4 44. Nd1 Nxb3 45. Kd3 Nc1+ 46. Kc2 Na2 47.
Nb2 Nb4+ 48. Kc3 Ke5 49. Nd3+ Nxd3 50. Kxd3 Kf4 51. Ke2 Kxg4 52. Ke3 h5 53. Ke4
h4 54. Kd5 h3 55. Kc6 h2 56. Kxb6 h1=Q 57. Kxc5 Qb7 {White resigns} 0-1

[Event "Team 45 45 League T84"]
[Site "Internet Chess Club"]
[Date "2020.04.25"]
[Round "4"]
[White "SeniorCitizen"]
[Black "seldredg"]
[Result "1-0"]
[WhiteElo "1387"]
[BlackElo "1326"]
[Opening "Philidor: Improved Hanham variation"]
[ECO "B07"]
[Time "14:00:23"]
[TimeControl "2700+45"]

1. e4 d6 2. d4 Nf6 3. Nc3 Nbd7 4. Nf3 e5 5. dxe5 dxe5 6. a3 c6 7. Bc4 Be7 8. O-O
O-O 9. h3 h6 10. Be3 a5 11. Nh4 Nh7 12. Nf5 Bg5 13. Qd2 Bxe3 14. Qxe3 Qf6 15.
Rad1 b5 16. Be2 Qg5 17. f4 Qd8 18. Qg3 Qf6 19. Rd6 exf4 20. Rxf4 Qe5 21. Rxh6
Kh8 22. Rxc6 b4 23. Nd5 bxa3 24. bxa3 Bb7 25. Rc7 Bxd5 26. Rxd7 Be6 27. Re7 Rac8
28. Bd3 Qc5+ 29. Kh2 Rb8 30. Qxg7# {Black checkmated} 1-0

[Event "Team 45 45 League T84"]
[Site "Internet Chess Club"]
[Date "2020.04.22"]
[Round "4"]
[White "wankan"]
[Black "mongmong"]
[Result "0-1"]
[WhiteElo "1376"]
[BlackElo "1509"]
[Opening "Queen's pawn"]
[ECO "A40"]
[Time "19:01:57"]
[TimeControl "2700+45"]

1. d4 e6 2. Bf4 Nf6 3. e3 b6 4. Nd2 Bb7 5. Ngf3 d6 6. Bd3 Nbd7 7. O-O Qe7 8. e4
e5 9. dxe5 dxe5 10. Bg3 g6 11. Re1 Bg7 12. h3 O-O 13. Nc4 Ne8 14. Qd2 f6 15. Ne3
Kh8 16. Ng4 Rd8 17. Rac1 Nc5 18. Qb4 Nd6 19. Ngh2 Qf7 20. b3 a5 21. Qa3 Bxe4 22.
Bxe4 Ncxe4 23. Rcd1 Nxg3 24. fxg3 Nb5 25. Qb2 c5 26. Rf1 Qc7 27. g4 Nd4 28. Nxd4
cxd4 29. Nf3 Rd7 30. Nd2 Rfd8 31. Ne4 Qc6 32. Rfe1 f5 33. gxf5 gxf5 34. Nd2 e4
35. Qc1 Bh6 36. Qb2 b5 37. Nf1 Bg7 38. Qc1 d3 39. cxd3 Qxc1 40. Rxc1 Rxd3 41.
Kh1 Bc3 42. Re2 b4 43. Kh2 Kg7 44. Ne3 Kg6 45. Nc4 R8d5 46. Rf1 Rd1 47. Rff2 Bd4
48. Rf4 Be5 49. Nxe5+ Rxe5 50. Kg3 Rd3+ 51. Kh2 h5 52. g3 Red5 53. Rff2 Kg5 54.
h4+ Kg6 55. Kg2 Rc3 56. Rf1 Rdd3 57. Kh2 Rxg3 58. Rd2 Rh3+ 59. Kg2 Rcg3+ 60. Kf2
Rh2+ 61. Ke1 Rxd2 62. Kxd2 Rd3+ 63. Ke2 Rh3 {White resigns} 0-1

[Event "Team 45 45 League T84"]
[Site "Internet Chess Club"]
[Date "2020.04.25"]
[Round "4"]
[White "Pawnchain"]
[Black "Just-Jim"]
[Result "1-0"]
[WhiteElo "1396"]
[BlackElo "1303"]
[Opening "Queen's pawn, Mason variation"]
[ECO "D00"]
[Time "14:00:27"]
[TimeControl "2700+45"]

1. d4 d5 2. Bf4 h6 3. e3 a6 4. c3 Nd7 5. Nd2 e6 6. Ngf3 Be7 7. Bd3 Ngf6 8. Ne5
O-O 9. h4 Nxe5 10. dxe5 Nh7 11. Nf3 f6 12. Qc2 fxe5 13. Nxe5 Nf6 14. f3 Ne4 15.
fxe4 Bxh4+ 16. g3 Bg5 17. exd5 Qxd5 18. O-O-O Bxf4 19. gxf4 Qxa2 20. Qg2 Qa1+
21. Bb1 Rf6 22. Nf3 Bd7 23. Rxd7 Qa4 24. Qxg7# {Black checkmated} 1-0

[Event "Team 45 45 League T84"]
[Site "Internet Chess Club"]
[Date "2020.04.25"]
[Round "4"]
[White "oldmanpatzer"]
[Black "dabodhi"]
[Result "1/2-1/2"]
[WhiteElo "1221"]
[BlackElo "1337"]
[Opening "French: advance, Paulsen attack"]
[ECO "C02"]
[Time "16:02:02"]
[TimeControl "2700+45"]

1. e4 e6 2. d4 d5 3. e5 c5 4. c3 Nc6 5. Nf3 Qb6 6. Qb3 Qc7 7. Bb5 Bd7 8. O-O Na5
9. Qa4 Nc6 10. Qc2 Qb6 11. Bxc6 Bxc6 12. Be3 Ne7 13. Nbd2 Nf5 14. Rfe1 h6 15. b3
cxd4 16. Bxd4 Nxd4 17. Nxd4 Bd7 18. N2f3 Bc5 19. a3 Rc8 20. Qb2 O-O 21. b4 Be7
22. Rec1 Bg5 23. Nxg5 hxg5 24. a4 a6 25. Qd2 Qd8 26. h3 Rc4 27. Nf3 f6 28. a5
Bb5 29. Nd4 Bd7 30. Nf3 Bb5 31. Nd4 Bd7 32. Nf3 Bb5 33. Nd4 {Game drawn by
repetition} 1/2-1/2

[Event "Team 45 45 League T84"]
[Site "Internet Chess Club"]
[Date "2020.04.27"]
[Round "4"]
[White "stantheman59"]
[Black "rhayder"]
[Result "1/2-1/2"]
[WhiteElo "1239"]
[BlackElo "1147"]
[Opening "King's Indian: London system"]
[ECO "A45"]
[Time "16:02:40"]
[TimeControl "2700+45"]

1. d4 Nf6 2. Bf4 g6 3. Nf3 Bg7 4. e3 O-O 5. Bd3 d5 6. O-O Bg4 7. h3 Bxf3 8. Qxf3
Nc6 9. a3 e6 10. Nc3 Nh5 11. Bh2 Qe7 12. Rfe1 Rad8 13. Ne2 e5 14. Nc3 e4 15. Qe2
exd3 16. Qxd3 Nf6 17. Re2 Rfe8 18. Rae1 Na5 19. e4 dxe4 20. Nxe4 Nxe4 21. Rxe4
Qd7 22. b4 Nc6 23. Rxe8+ Rxe8 24. Rxe8+ Qxe8 25. c3 Qe1+ 26. Qf1 Qxf1+ 27. Kxf1
Ne7 28. Bxc7 Nd5 29. Bb8 Nxc3 30. Bxa7 Nb5 31. Bc5 Nxa3 32. d5 Bf8 33. d6 Bxd6
34. Bxd6 Nb5 35. Bc5 f5 36. Be3 Nc3 37. Bd2 Nb5 38. Ke2 Kf7 39. Ke3 Ke6 40. Kf4
h6 41. g4 fxg4 42. hxg4 h5 43. gxh5 gxh5 44. Kg5 Ke5 45. Kxh5 Ke4 46. f4 Kf5 47.
Kh6 Nd6 48. Kg7 b5 49. Kf8 Nc4 50. Bc1 Nb6 51. Ke8 Nd5 52. Bd2 Ke6 53. Kd8 Kd6
54. Kc8 Kc6 55. Kb8 Ne7 56. Ka7 {Game drawn by mutual agreement} 1/2-1/2